AoeStats
← helldingdingDSSRRedededdd SD

Glade

510688100Analyzed
1v1 RM · 9h ago on Oct 2, 2026· 38m 13s· 2 players
Game mode
Random Map
Map size
Tiny (2 player)
Population
200
Speed
Normal
Resources
Standard
Victory
Conquest
Starting age
Dark Age
Ending age
Imperial Age
RankedLock teamsTeams togetherTeam positionsShared explorationLock speedFull tech treeHidden civsTurbo modeCheats
Victory
Defeat
🇭🇰 Turks · Hong Kong SAR China
1030
+14
🇷🇺 Wu · Russia
976
-14
Servelat
7:06 Loom
10:21 Feudal Age
16:42 Castle Age
15:46 Double-Bit Axe
21:16 Fletching
22:17 Bodkin Arrow
22:35 Padded Archer Armor
25:27 Leather Archer Armor
26:17 Wheelbarrow
25:45 Town Watch
26:54 Horse Collar
30:41 Imperial Age
29:05 Bow Saw
29:42 Forging
29:38 Scale Barding Armor
31:20 Bloodlines
31:10 Husbandry
31:46 Conscription
32:05 Ballistics
32:46 Chemistry
31:57 Masonry
31:20 Light Cavalry
32:53 Bracer
helldingdingDSSRRedededdd SD
10:21 Feudal Age
14:46 Castle Age
14:19 Stone Mining
14:51 Double-Bit Axe
28:49 Imperial Age
26:39 Gold Mining
31:14 Elite Janissary
34:18 Bow Saw
Connection lost

Rejoining the realm…

Still unreachable

The connection could not be restored.

Session expired

The server has moved on; the page needs a fresh start.